 Dungeon Crawl Stone Soup version 0.17.0-28-g6e173f8 (webtiles) character file.

65 septik the Cudgeler (level 4, 0/28 HPs)
             Began as a Gargoyle Fighter on Nov 30, 2015.
             Slain by a gnoll
             ... wielding a +0 flail
              (5 damage)
             ... on level 3 of the Dungeon.
             The game lasted 00:04:17 (2158 turns).

septik the Cudgeler (Gargoyle Fighter)              Turns: 2158, Time: 00:04:17

Health: 0/28       AC: 10    Str: 20    XL:     4   Next: 13%
Magic:  4/4        EV:  7    Int:  9    God:
Gold:   72         SH:  9    Dex:  9    Spells: 0 memorised, 3 levels left

rFire  . . .     SeeInvis .     a - +0 flail
rCold  . . .     Clarity  .     b - +0 scale mail
rNeg   + . .     SustAt   .     c - +0 shield
rPois  ∞         Gourm    .     (no helmet)
rElec  +         Spirit   .     (no cloak)
rCorr  .         Warding  .     (no gloves)
rMut   .         Stasis   .     (no boots)
MR     +....                    o - amulet of inaccuracy (curse)
Stlth  ..........               (no ring)
                                f - ring of protection from magic

@: somewhat resistant to hostile enchantments, extremely unstealthy
A: negative energy resistance 1, electricity resistance, unbreathing,
petrification resistance, rot immunity, AC +3
a: no special abilities


You were on level 3 of the Dungeon.
You were hungry.

You visited 1 branch of the dungeon, and saw 3 of its levels.

You collected 72 gold pieces.

Inventory:

Hand Weapons
 a - a +0 flail (weapon)
Missiles
 h - 139 stones (quivered)
Armour
 b - a +0 scale mail (worn)
 c - a +0 shield (worn)
Jewellery
 f - a ring of protection from magic (left hand)
 m - an uncursed amulet of resist corrosion {unknown}
 o - a cursed amulet of inaccuracy (around neck)
Scrolls
 i - a scroll of identify {unknown}
Potions
 d - a potion of might
 j - a potion of invisibility
 k - a potion of ambrosia {unknown}
 n - a potion of curing {unknown}
 p - a potion of cancellation {unknown}
 q - a potion of poison {unknown}
Comestibles
 e - 2 bread rations
 g - a slice of pizza
 l - a beef jerky


   Skills:
 - Level 3.2 Fighting
 + Level 4.2 Maces & Flails
 - Level 3.2 Armour
 - Level 3.2 Shields


You had 3 spell levels left.
You didn't know any spells.

Dungeon Overview and Level Annotations

Branches:
Dungeon (3/15)

Altars:
Sif Muna


Innate Abilities, Weirdness & Mutations

You are resistant to torment.
Your stone body is resilient (AC +3).
You are immune to poison.
You resist negative energy.
You are resistant to electric shocks.
You can survive without breathing.
You are immune to petrification.
You are immune to rotting.


Message History

* * * LOW HITPOINT WARNING * * *
You miss the giant gecko.
The giant gecko is moderately wounded.
The giant gecko bites you but does no damage.
You block the gnoll's attack.
The giant gecko bites you but does no damage.
Your shield prevents you from hitting the giant gecko.
The giant gecko is moderately wounded.
You block the gnoll's attack.
The giant gecko bites you but does no damage.
The gnoll completely misses you.
You closely miss the giant gecko.
The giant gecko is moderately wounded.
The giant gecko barely misses you. The giant gecko bites you.
* * * LOW HITPOINT WARNING * * *
You block the gnoll's attack.
You closely miss the giant gecko.
The giant gecko is moderately wounded.
The giant gecko barely misses you. The gnoll hits you with a flail.
You die...

#.# ########.##..........#.
#######.# ..............†.....#.
.....##.##########.##..........#.
.....>....## #<#.##....).....#.
......###..# #.#.##..........#
......####.#####.#.###########.#
##.##............... ... #.
#.####.#####l#.# #. #. #.# #..#
#@#. #. #.#####.####g# # #
#..........#g#.#.###
########..#.#.#......
..................... . #.
#######.#...#.#...#.. .. #.
#.#...#.#.#.# #.#### #.#...#.# #
# #..... #.#.#.#.# #..#.g


You could see 2 gnolls and a giant gecko.

Vanquished Creatures
  An adder (D:2)
  A giant gecko (D:2)
  3 orcs (D:3)
  6 goblins
  7 hobgoblins
  7 kobolds
  11 bats
  2 giant cockroaches (D:2)
  5 giant newts
  A quokka (D:2)
  7 rats
51 creatures vanquished.

Notes
Turn   | Place    | Note
--------------------------------------------------------------
     0 | D:1      | septik the Gargoyle Fighter began the quest for the Orb.
     0 | D:1      | Reached XP level 1. HP: 14/14 MP: 1/1
   133 | D:1      | Reached XP level 2. HP: 16/19 MP: 2/2
   905 | D:2      | Reached XP level 3. HP: 23/23 MP: 3/3
  1443 | D:2      | Reached skill level 4 in Maces & Flails
  1616 | D:2      | Found a deep blue altar of Sif Muna.
  1708 | D:3      | Reached XP level 4. HP: 28/28 MP: 4/4
  2158 | D:3      | Slain by a gnoll

Action                   |  1- 3 |  4- 6 || total
-------------------------+-------+-------++-------
Melee: Flail             |   263 |   103 ||   366
  Use: Scroll            |     1 |       ||     1
  Eat: Chunk             |     3 |     1 ||     4
